 Dungeon Crawl Stone Soup version 0.28.0-43-g3370ac3207 (webtiles) character file.

Game seed: 522918756474321487

54 Ablot the Grasshopper (level 3, 0/31 HPs)
             Began as a Gnoll Warper on Mar 11, 2022.
             Slain by an adder (3 damage)
             ... on level 2 of the Dungeon.
             The game lasted 00:02:01 (1190 turns).

Ablot the Grasshopper (Gnoll Warper)                Turns: 1190, Time: 00:02:02

Health: 0/31       AC:  3    Str:  9 (12) XL:     3   Next: 91%
Magic:  9/9        EV: 12    Int:  9 (12) God:
Gold:   56         SH:  0    Dex:  9 (11) Spells: 10/12 levels left

rFire   . . .      SeeInvis .   a - +0 spear
rCold   . . .      Faith    .   (no shield)
rNeg    . . .      Spirit   .   b - +0 leather armour
rPois   .          Reflect  .   (no helmet)
rElec   .          Harm     .   (no cloak)
rCorr   .          Rampage  .   (no gloves)
Will    .....                   (no boots)
Stlth   +.........              i - amulet of regeneration
HPRegen 0.90/turn               (no ring)
MPRegen 0.11/turn               (no ring)

@: lethally poisoned (0 -> -1)
A: fangs 1, strong nose, distributed training
a: no special abilities


You were on level 2 of the Dungeon.
You visited 1 branch of the dungeon, and saw 2 of its levels.

You collected 56 gold pieces.

Inventory:

Hand Weapons
 a - a +0 spear (weapon)
Missiles
 d - 5 boomerangs of dispersal (quivered)
 e - 58 stones
 g - 37 bolts
 j - 36 sling bullets
Armour
 b - a +0 leather armour (worn)
Jewellery
 i - an amulet of regeneration (around neck)
Wands
 m - a wand of acid (8)
Scrolls
 c - a scroll of blinking
 f - a scroll of torment {unknown}
 k - a scroll of identify {unknown}
 l - a scroll of vulnerability {unknown}


   Skills:
 + Level 4.6 Fighting
 + Level 1.0 Short Blades
 + Level 1.0 Long Blades
 + Level 1.0 Axes
 + Level 1.0 Maces & Flails
 + Level 4.6 Polearms
 + Level 1.0 Staves
 + Level 1.0 Slings
 + Level 1.0 Bows
 + Level 1.0 Crossbows
 + Level 2.6 Throwing
 + Level 2.6 Armour
 + Level 4.6 Dodging
 + Level 1.0 Stealth
 + Level 1.0 Shields
 + Level 1.0 Unarmed Combat
 + Level 5.0 Spellcasting
 + Level 0.7 Conjurations
 + Level 0.7 Hexes
 + Level 0.7 Summonings
 + Level 0.7 Necromancy
 + Level 5.4 Translocations
 + Level 0.7 Transmutations
 + Level 0.7 Fire Magic
 + Level 0.7 Ice Magic
 + Level 0.7 Air Magic
 + Level 0.7 Earth Magic
 + Level 0.7 Poison Magic
 + Level 1.0 Invocations
 + Level 1.0 Evocations


You had 10 spell levels left.
You knew the following spells:

 Your Spells              Type           Power      Damage    Failure   Level
a - Blink                 Tloc           24%        N/A       5%          2

Your spell library contained the following spells:

 Spells                   Type           Power      Damage    Failure   Level
 Gell's Gravitas          Tloc           12%        N/A       11%         3
 Lesser Beckoning         Tloc           12%        N/A       11%         3
 Teleport Other           Tloc           12%        N/A       11%         3
 Beastly Appendage        Tmut           6%         N/A       26%         1
 Wereblood                Tmut           3%         N/A       36%         2
 Spider Form              Tmut/Pois      3%         N/A       58%         3
 Manifold Assault         Tloc           12%        N/A       69%         5
 Fireball                 Conj/Fire      1%         3d3       100%        5
 Starburst                Conj/Fire      1%         6d3       100%        6
 Ignition                 Fire           1%         3d3       100%        8


Dungeon Overview and Level Annotations

Branches:
Dungeon (2/15)

Altars:

Shops:
D:2 [


Innate Abilities, Weirdness & Mutations

You have very sharp teeth.
Your uncanny sense of smell can sniff out nearby items.
Your experience applies equally to all skills.


Message History

You hit the adder.
The adder is severely wounded.
You feel sick. The adder bites you.
You are more poisoned.
The adder poisons you! The kobold closely misses you.
You closely miss the adder.
The adder is severely wounded.
You feel very sick. The adder misses you. The kobold hits you with a +0 whip.
You are too injured to fight recklessly!
You are too injured to fight recklessly!
You are too injured to fight recklessly!
You are too injured to fight recklessly!
You are too injured to fight recklessly!
You are too injured to fight recklessly!
You are too injured to fight recklessly!
You are too injured to fight recklessly!
You are too injured to fight recklessly!
You are too injured to fight recklessly!
You are too injured to fight recklessly!
You are too injured to fight recklessly!
You are too injured to fight recklessly!
You are too injured to fight recklessly!
You are too injured to fight recklessly!
You are too injured to fight recklessly!
You miss the adder. You punch the adder.
The adder is almost dead.
You feel sick. The adder misses you. The kobold misses you.
The adder bites you.
You barely miss the adder. Your bite misses the adder.
The adder is almost dead.
You feel sick. The adder bites you.
* * * LOW HITPOINT WARNING * * *
The kobold hits you with a +0 whip.
* * * LOW HITPOINT WARNING * * *
It was a potion of degeneration.
There was something very wrong with that liquid.
You feel weakened.
You feel dopey.
You feel clumsy.
You feel sick. The adder bites you.
You die...

#..................#
####.#......##.#..<...#
###.......................
.......†..##...........#..
#...........#.#....###
#.#...........#.....
.#.............)...
#.........K.#.......
..#......@S.###.. .
#..............
#....$....###..
#.........# #........>#
#.........# ###########


You could see an adder and a kobold.

Vanquished Creatures
  2 adders
  A dart slug (D:1)
  2 endoplasms (D:2)
  7 goblins
  3 hobgoblins
  2 jackals (D:2)
  4 ball pythons
  4 bats
  6 kobolds (D:1)
  2 rats (D:1)
33 creatures vanquished.

Notes
Turn   | Place    | Note
-------+----------+-------------------------------------------
     0 | D:1      | Ablot the Gnoll Warper began the quest for the Orb.
     0 | D:1      | Reached XP level 1. HP: 20/20 MP: 6/6
    81 | D:1      | Reached XP level 2. HP: 23/26 MP: 7/7
    84 | D:1      | Learned a level 2 spell: Blink
   460 | D:1      | Found a faded altar of an unknown god.
   945 | D:2      | Reached XP level 3. HP: 24/31 MP: 9/9
   967 | D:1      | Reached skill level 5 in Spellcasting
  1019 | D:2      | Reached skill level 1 in Invocations
  1070 | D:2      | Found Xyhifor's Armour Emporium.
  1103 | D:2      | Reached skill level 1 in Short Blades
  1103 | D:2      | Reached skill level 1 in Long Blades
  1103 | D:2      | Reached skill level 1 in Axes
  1103 | D:2      | Reached skill level 1 in Maces & Flails
  1103 | D:2      | Reached skill level 1 in Staves
  1103 | D:2      | Reached skill level 1 in Slings
  1103 | D:2      | Reached skill level 1 in Bows
  1103 | D:2      | Reached skill level 1 in Crossbows
  1103 | D:2      | Reached skill level 1 in Stealth
  1103 | D:2      | Reached skill level 1 in Shields
  1103 | D:2      | Reached skill level 1 in Unarmed Combat
  1103 | D:2      | Reached skill level 1 in Evocations
  1190 | D:2      | Slain by an adder

Illustrated notes

Levels and vault maps discovered:
D:1:      dpeg_arrival_stone_temple_mockup, layout_basic,
          hellmonk_ecumenical_altar_leap_of_faith
D:2:      layout_rooms, serial_shops, nicolae_shop_crystal, shop_fountains, shop

Skill      XL: |  1  2  3 |
---------------+----------+-----
Spellcasting   | 5 |  5.0
Invocations    | 1 |  1.0
Short Blades   | 1 |  1.0
Long Blades    | 1 |  1.0
Axes           | 1 |  1.0
Maces & Flails | 1 |  1.0
Staves         | 1 |  1.0
Slings         | 1 |  1.0
Bows           | 1 |  1.0
Crossbows      | 1 |  1.0
Stealth        | 1 |  1.0
Shields        | 1 |  1.0
Unarmed Combat | 1 |  1.0
Evocations     | 1 |  1.0
Fighting       | |  4.6
Polearms       | |  4.6
Throwing       | |  2.6
Armour         | |  2.6
Dodging        | |  4.6
Conjurations   | |  0.7
Hexes          | |  0.7
Summonings     | |  0.7
Necromancy     | |  0.7
Translocations | |  5.4
Transmutations | |  0.7
Fire Magic     | |  0.7
Ice Magic      | |  0.7
Air Magic      | |  0.7
Earth Magic    | |  0.7
Poison Magic   | |  0.7

Action                   || total
-------------------------++-------
Melee: Spear             ||   156
       Bite              ||    12
       Punch             ||     1
  Use: Potion            ||     1
 Stab: Sleeping          ||     1
Armor: Leather armour    ||    41
Dodge: Dodged            ||    99
